 Dungeon Crawl Stone Soup version 0.31-a0-150-g89dc3ad700 (webtiles) character file.

Game seed: 5773510085250653967

112 qw the Shooter (level 4, 0/28 HPs)
             Began as a Gargoyle Hunter on June 8, 2023.
             Slain by an orc wizard
             ... wielding a +0 dagger
              (2 damage)
             ... on level 4 of the Dungeon.
             The game lasted 00:00:52 (2285 turns).

qw the Shooter (Gargoyle Hunter)                    Turns: 2285, Time: 00:00:53

Health: 0/28       AC: 12    Str: 15    XL:     4   Next: 95%
Magic:  4/4        EV: 11    Int: 11    God:
Gold:   115        SH:  0    Dex: 15    Spells: 3/3 levels left

rFire   . . .        Y - +0 shortbow
rCold   . . .        (shield currently unavailable)
rNeg    + + .        i - +0 ring mail
rPois   inf          (no helmet)
rElec   +            f - +2 cloak of Peaz {rN+ Int+2}
rCorr   .            b - +0 pair of gloves
SInv    .            (no boots)
Will    .....        c - amulet of the acrobat
Stlth   +            (no ring)
HPRegen 0.24/turn    (no ring)
MPRegen 0.09/turn

%: acrobat
@: no status effects
A: sickness immunity, AC +3, negative energy resistance 1, electricity
resistance, torment resistance 1, petrification resistance
a: no special abilities


You were on level 4 of the Dungeon.
You visited 1 branch of the dungeon, and saw 4 of its levels.

You collected 115 gold pieces.


Innate Abilities, Weirdness & Mutations

You are immune to sickness and miasma.
Your stone body is resilient. (AC +3)
You are immune to poison.
You resist negative energy. (rN+)
You are resistant to electric shocks. (rElec)
You are resistant to unholy torment.
You are immune to petrification.


   Skills:
 - Level 3.0 Fighting
 + Level 5.6 Ranged Weapons
 - Level 1.0 Armour
 - Level 1.5 Dodging
 - Level 1.1 Stealth


You had 3 spell levels left.
You didn't know any spells.
Your spell library was empty.

Inventory:

Hand Weapons
 Y - a +0 shortbow (weapon)
Armour
 b - a +0 pair of gloves (worn)
 f - the +2 cloak of Peaz (worn) {rN+ Int+2}
   (You found it on level 2 of the Dungeon)

   Int:       It affects your intelligence (+2).
   rN:        It protects you from negative energy.
 i - a +0 ring mail (worn)
Jewellery
 c - an amulet of the acrobat (around neck)
Scrolls
 a - a scroll of identify
Potions
 g - a potion of magic {unknown}
 h - a potion of heal wounds {unknown}

Dungeon Overview and Level Annotations

Branches:
Dungeon (4/15)
 Temple: D:4-7

Altars:
Ru

Annotations:
D:2 1 runed translucent door, Crazy Yiuf


Message History

The orc wizard gestures at you while chanting.
The puff of flame hits you.
You shoot an arrow. The arrow hits the orc wizard.
The orc wizard is heavily wounded.
The orc wizard gestures at you while chanting.
You are confused.
The orc hits you with a +0 mace.
The orc wizard gestures at you while chanting.
The puff of flame hits you! The orc closely misses you.
The orc wizard misses you.
A quokka comes into view.
The orc misses you. The orc wizard closely misses you.
The orc wizard shouts!
The orc misses you. The orc wizard completely misses you.
The orc closely misses you.
The orc wizard hits you but does no damage.
The orc wizard gestures wildly while chanting.
The orc wizard flickers and vanishes!
Deactivating autopickup; reactivate with Ctrl-A.
You feel less confused. The orc barely misses you.
The orc wizard closely misses you.
You shoot an arrow. The arrow barely misses the orc wizard.
The orc hits you but does no damage.
The orc wizard hits you but does no damage.
A magic dart appears from out of thin air!
The magic dart hits you.
You shoot an arrow.
The arrow closely misses the orc wizard.
The orc hits you with a +0 mace.
The orc wizard gestures at you while chanting.
You resist with some effort.
You shoot an arrow. The arrow hits the orc wizard.
The orc wizard is severely wounded.
The orc wizard casts a spell at you. The magic dart hits you.
The orc hits you but does no damage.
You shoot an arrow. The arrow hits the orc wizard!
You kill the orc wizard!
The orc hits you but does no damage. Something hits you but does no damage.
Something hits you.
You die...

#...............
###..##.##......
#.##........#
##......###..#
##....## .##
##.#..# #..#
###..###..#
##.#.##......#
#......@...#...
#..####ro..#
#...$.......
.....)..<......
...............
...............
...............
...?[..........
...............


You could see an orc and a quokka.

Vanquished Creatures
  An orc wizard (D:4)
  5 adders
  3 dart slugs
  2 orcs
  3 ball pythons
  4 endoplasms (D:1)
  A giant cockroach (D:1)
  6 hobgoblins
  3 jackals (D:3)
  3 quokkas
  7 bats
  A frilled lizard (D:3)
  7 goblins
  6 kobolds
  6 rats
58 creatures vanquished.

Notes
Turn   | Place    | Note
-------+----------+-------------------------------------------
     0 | D:1      | qw the Gargoyle Hunter began the quest for the Orb.
     0 | D:1      | Reached XP level 1. HP: 12/12 MP: 1/1
     0 | D:1      | 0 ||| qw: Version: 0.2-a-119-g7aa9181
     0 | D:1      | 0 ||| qw: Game counter: 2850
     0 | D:1      | 0 ||| qw: Always use a shield: true
     0 | D:1      | 0 ||| qw: God list: Okawaru
     0 | D:1      | 0 ||| qw: Allow faded altars: false
     0 | D:1      | 0 ||| qw: Do Orc after D:15 true
     0 | D:1      | 0 ||| qw: Do second Lair branch before Depths: true
     0 | D:1      | 0 ||| qw: Lair rune preference: random
     0 | D:1      | 0 ||| qw: Plans: Normal
     0 | D:1      | 0 ||| PLANNING D:1-11
   127 | D:1      | Reached XP level 2. HP: 17/17 MP: 2/2
   651 | D:1      | Reached XP level 3. HP: 21/21 MP: 3/3
   683 | D:1      | Reached skill level 5 in Ranged Weapons
   925 | D:1      | 925 ||| UPGRADING to +0 cloak.
   930 | D:1      | 930 ||| UPGRADING to +0 ring mail.
   940 | D:1      | 940 ||| DROPPING +0 leather armour.
   941 | D:1      | 941 ||| DROPPING +6 ring of intelligence.
   942 | D:1      | 942 ||| READING scroll labelled PUDIORACLI.
   943 | D:1      | 943 ||| READING scroll labelled MOLILULUXT.
   944 | D:1      | 944 ||| DROPPING scroll of butterflies.
   974 | D:2      | Reached skill level 1 in Armour
  1033 | D:2      | Reached skill level 3 in Fighting
  1033 | D:2      | Reached XP level 4. HP: 25/28 MP: 4/4
  1082 | D:2      | Found a faded altar of an unknown god.
  1182 | D:2      | Identified the +2 cloak of Peaz {rN+ Int+2}
  1347 | D:2      | Found a runed translucent door.
  1348 | D:2      | Noticed Crazy Yiuf
  1515 | D:2      | 1515 ||| UPGRADING to +0 pair of gloves.
  1520 | D:2      | 1520 ||| UPGRADING to +2 cloak of Peaz {rN+ Int+2}.
  1530 | D:2      | 1530 ||| DROPPING +0 cloak.
  1531 | D:2      | 1531 ||| DROPPING ring of magical power.
  1532 | D:2      | 1532 ||| READING scroll labelled SIQAUS FOUCZUI.
  1551 | D:2      | 1551 ||| READING scroll labelled ETIGISMENI.
  2033 | D:3      | Found a sacrificial altar of Ru.
  2229 | D:3      | 2229 ||| UPGRADING to amulet of the acrobat.
  2234 | D:3      | 2234 ||| READING scroll labelled RUOQAA DIKH.
  2235 | D:3      | 2235 ||| READING 2 scrolls of identify.
  2235 | D:3      | 2235 ||| IDENTIFYING bubbling black potion
  2236 | D:3      | 2236 ||| DROPPING potion of invisibility.
  2267 | D:4      | 2267 ||| Stepping ~*~*~tactically~*~*~ (outnumbered).
  2284 | D:4      | HP: 2/28 [orc wizard/magic dart (6)]
  2285 | D:4      | Slain by an orc wizard

Levels and vault maps discovered:
D:1:      lemuel_arrival_room, layout_loops_corners
D:2:      layout_rooms, ebering_ecumenical_altar_abandoned, nicolae_the_louvre,
          uniq_crazy_yiuf_cottage
D:3:      layout_loops_ring, lemuel_tele_altar, grunt_decor_junction
D:4:      layout_cave_pools

Skill      XL: |  1  2  3 |
---------------+----------+-----
Ranged Weapons | 5 |  5.6
Armour         | 1 |  1.0
Fighting       | 3 |  3.0
Dodging        | |  1.5
Stealth        | |  1.1

Action                     |  1- 3 |  4- 6 || total
---------------------------+-------+-------++-------
   Fire: Shortbow          |   105 |    80 ||   185
    Use: Scroll            |     2 |     4 ||     6
 Armour: Leather armour    |    12 |       ||    12
         Ring mail         |    11 |    41 ||    52
  Dodge: Dodged            |    23 |    57 ||    80

Table legend:
 A = Non-vault XP
 B = Vault XP
 C = Vault XP percentage of total XP
 D = Non-vault monster count
 E = Vault monster count
 F = Vault count percentage of total count
                 A         B        C        D         E       F
            +---------+---------+-------+---------+---------+-------
      Total |     198 |       0 |   0.0 |      58 |       0 |   0.0
            +---------+---------+-------+---------+---------+-------
        D:1 |      55 |       0 |   0.0 |      31 |       0 |   0.0
        D:2 |      50 |       0 |   0.0 |      10 |       0 |   0.0
        D:3 |      51 |       0 |   0.0 |      14 |       0 |   0.0
        D:4 |      42 |       0 |   0.0 |       3 |       0 |   0.0
            +---------+---------+-------+---------+---------+-------
